AoeStats
← manfred_da_pig

Socotra

505416170Analyzed
4v4 RM · 24d ago on Sep 9, 2026· 15m 22s· 8 players
Game mode
Random Map
Map size
148×148
Population
200
Speed
Normal
Resources
Standard
Victory
Conquest
Starting age
Dark Age
Ending age
Imperial Age
RankedLock teamsTeams togetherTeam positionsShared explorationLock speedFull tech treeHidden civsTurbo modeCheats
Victory
Defeat
🇫🇷 Ethiopians · France
1551
+11
1508
+12
🇵🇰 Slavs · Pakistan
1487
+13
🇩🇪 Persians · Germany
1439
+15
🇻🇪 Wu · Venezuela
1458
-14
🇦🇷 Maya · Argentina
1420
-13
🇳🇱 Franks · Netherlands
1416
-12
🇹🇼 Koreans · Taiwan
1410
-12
manfred_da_pig
2:45 Loom
6:22 Loom
Yucatan_water_supremacy
0:55 Loom
9:50 Feudal Age
12:12 Town Watch
12:38 Fletching
14:11 Town Watch
15:02 Double-Bit Axe
Horizon
8:48 Feudal Age
8:10 Loom
9:30 Double-Bit Axe
iFxrY
6:12 Loom
8:44 Feudal Age
14:05 Fletching
AG_Overrated
6:11 Loom
8:44 Feudal Age
9:24 Double-Bit Axe
10:08 Horse Collar
BuildDisorder [2]
6:44 Loom
9:24 Feudal Age
9:58 Double-Bit Axe
12:26 Scale Barding Armor
PocaChota
0:43 Loom
10:35 Feudal Age
11:14 Double-Bit Axe
天線小號
6:13 Loom
9:47 Feudal Age
Connection lost

Rejoining the realm…

Still unreachable

The connection could not be restored.

Session expired

The server has moved on; the page needs a fresh start.